IL
SCRANTON WB RAILRIDERS @ ROCHESTER RED WINGS
05/21/2098
 
TOP OF THE 1ST
Scranton WB RailRiders batting - Pitching for Rochester Red Wings : RHP Keith Harvey
Pitching: RHP Keith Harvey
Batting: RHB Nate Anglin 0-0: Ball
1-0: Ball
2-0: Ball
3-0: Base on Balls
Batting: LHB Bobby Kimble 0-0: SINGLE (Line Drive, 8RS, EV 96.9 MPH)
Nate Anglin to second
Runner from 2nd tries for 3rd, SAFE, throw by CF made to third
Batting: LHB Jesus Canales 0-0: Fly out, F8 (Flyball, 8LD, EV 89.4 MPH)
Runner from 3rd tags up, SCORES, throw by CF
Batting: RHB Carlos Jeronimo 0-0: Ball
1-0: SINGLE (Groundball, 6D, EV 98.1 MPH)
Bobby Kimble to second
Batting: RHB Sam Sokol 0-0: Ball
1-0: Foul Ball, location: 9LMF
1-1: Swinging Strike
1-2: Ball
2-2: Fly out, F7 (Flyball, 7, EV 81.3 MPH)
Batting: LHB Dustin Spears 0-0: Foul Ball, location: 7LSF
0-1: Ball
1-1: SINGLE (Groundball, 6MD, EV 100.0 MPH)
Bobby Kimble to third
Carlos Jeronimo to second
Runner from 3rd tries for Home, SAFE, throw by CF to home
Batting: LHB David Adler 0-0: Ball
1-0: Ball
2-0: Foul Ball, location: 2F
2-1: Ball
3-1: Swinging Strike
3-2: Foul Ball, location: 2F
3-2: Base on Balls
Carlos Jeronimo to third
Dustin Spears to second
Batting: RHB Rich Ruiz 0-0: Called Strike
0-1: Ball
1-1: Ball
2-1: Ball
3-1: Fielders Choice at 2nd, 6-4 (Groundball, 6, EV 101.3 MPH)
Top of the 1st over - 2 runs, 3 hits, 0 errors, 3 left on base; Scranton WB 2 - Rochester 0
BOTTOM OF THE 1ST
Rochester Red Wings batting - Pitching for Scranton WB RailRiders : RHP Matt Zmuda
Pitching: RHP Matt Zmuda
Batting: RHB Matt McElhose 0-0: Ball
1-0: Ball
2-0: Ball
3-0: Called Strike
3-1: Base on Balls
Batting: RHB Danny Jacob 0-0: Ball
1-0: Ball
2-0: Foul Ball, location: 2F
2-1: Swinging Strike
2-2: Strikes out swinging
Batting: SHB Marc Sakkal 0-0: Called Strike
0-1: Ball
1-1: Called Strike
1-2: Ball
2-2: Ball
3-2: Fly out, F7 (Flyball, 7D, EV 91.9 MPH)
Batting: RHB Eric Harrell 0-0: Foul Ball, location: 2F
0-1: Ball
1-1: Ball
Wild Pitch!
Matt McElhose to second
2-1: Foul Ball, location: 9LMF
2-2: Strikes out swinging
Bottom of the 1st over - 0 runs, 0 hits, 0 errors, 1 left on base; Scranton WB 2 - Rochester 0
TOP OF THE 2ND
Scranton WB RailRiders batting - Pitching for Rochester Red Wings : RHP Keith Harvey
Batting: RHB R.J. Hardwick 0-0: Called Strike
0-1: Swinging Strike
0-2: Foul Ball, location: 9LDF
0-2: Foul Ball, location: 9LSF
0-2: Ball
1-2: Ball
2-2: Fly out, F8 (Flyball, 8RXD, EV 104.4 MPH)
Batting: RHB Nate Anglin 0-0: SOLO HOME RUN (Flyball, 7LD, EV 96.3 MPH), Distance : 341 ft
Batting: LHB Bobby Kimble 0-0: Ball
1-0: Ball
2-0: Ball
3-0: Swinging Strike
3-1: Called Strike
3-2: Strikes out swinging
Batting: LHB Jesus Canales 0-0: Foul Ball, location: 5SF
0-1: Foul Ball, location: 2F
0-2: Foul Ball, location: 23F
0-2: Strikes out swinging
Top of the 2nd over - 1 run, 1 hit, 0 errors, 0 left on base; Scranton WB 3 - Rochester 0
BOTTOM OF THE 2ND
Rochester Red Wings batting - Pitching for Scranton WB RailRiders : RHP Matt Zmuda
Batting: RHB Danny Strickland 0-0: Called Strike
0-1: Ball
1-1: Ball
2-1: Foul Ball, location: 2RF
2-2: Strikes out looking
Batting: RHB Justin Bradshaw 0-0: Ball
1-0: Called Strike
1-1: Called Strike
1-2: Foul Ball, location: 9LDF
1-2: Foul Ball, location: 2F
1-2: Strikes out swinging
Batting: RHB Jeremy Wallace 0-0: Ball
1-0: SINGLE (Groundball, 4D, EV 111.3 MPH)
Batting: RHB Kasey Ramos 0-0: Called Strike
0-1: Ball
1-1: Ball
2-1: Ball
3-1: Ground out 5-3 (Groundball, 56S, EV 87.5 MPH)
Bottom of the 2nd over - 0 runs, 1 hit, 0 errors, 1 left on base; Scranton WB 3 - Rochester 0
TOP OF THE 3RD
Scranton WB RailRiders batting - Pitching for Rochester Red Wings : RHP Keith Harvey
Batting: RHB Carlos Jeronimo 0-0: Ball
1-0: Called Strike
1-1: Foul Ball, location: 2F
1-2: Strikes out swinging
Batting: RHB Sam Sokol 0-0: Called Strike
0-1: Ball
1-1: Called Strike
1-2: Ball
2-2: Strikes out swinging
Batting: LHB Dustin Spears 0-0: TRIPLE (Line Drive, 9LD, EV 101.9 MPH)
Batting: LHB David Adler 0-0: Ball
1-0: Ball
2-0: Ball
3-0: Base on Balls
Batting: RHB Rich Ruiz 0-0: SINGLE (Groundball, 4MD, EV 105.6 MPH)
Dustin Spears scores
David Adler to second
Batting: RHB R.J. Hardwick 0-0: Ball
1-0: Ball
2-0: Fly out, F9 (Flyball, 89D, EV 105.6 MPH)
Top of the 3rd over - 1 run, 2 hits, 0 errors, 2 left on base; Scranton WB 4 - Rochester 0
BOTTOM OF THE 3RD
Rochester Red Wings batting - Pitching for Scranton WB RailRiders : RHP Matt Zmuda
Batting: RHB Roy Parks 0-0: Called Strike
0-1: Swinging Strike
0-2: Strikes out swinging
Batting: RHB Matt McElhose 0-0: Ball
1-0: Ball
2-0: Ball
3-0: Base on Balls
Batting: RHB Danny Jacob 0-0: Ball
1-0: Ball
2-0: Swinging Strike
2-1: Foul Ball, location: 9LDF
2-2: Foul Ball, location: 9LSF
2-2: Ball
3-2: Strikes out swinging
Batting: SHB Marc Sakkal 0-0: Called Strike
Matt McElhose is caught stealing 2nd base 2-6
Bottom of the 3rd over - 0 runs, 0 hits, 0 errors, 0 left on base; Scranton WB 4 - Rochester 0
TOP OF THE 4TH
Scranton WB RailRiders batting - Pitching for Rochester Red Wings : RHP Keith Harvey
Batting: RHB Nate Anglin 0-0: Ball
1-0: Ball
2-0: Ball
3-0: Base on Balls
Batting: LHB Bobby Kimble 0-0: Ball
1-0: Called Strike
1-1: Fly out, F7 (Flyball, 7S, EV 91.9 MPH)
Batting: LHB Jesus Canales 0-0: Called Strike
0-1: Ball
1-1: Called Strike
Nate Anglin steals 2nd base
1-2: Ball
2-2: Ball
3-2: SINGLE (Groundball, 6MD, EV 98.1 MPH)
Nate Anglin to third
Runner from 3rd tries for Home, SAFE, throw by CF to home
Batting: RHB Carlos Jeronimo 0-0: Fly out, F9 (Flyball, 9D, EV 108.8 MPH)
Batting: RHB Sam Sokol 0-0: Ball
1-0: Swinging Strike
1-1: Swinging Strike
1-2: Strikes out looking
Top of the 4th over - 1 run, 1 hit, 0 errors, 1 left on base; Scranton WB 5 - Rochester 0
BOTTOM OF THE 4TH
Rochester Red Wings batting - Pitching for Scranton WB RailRiders : RHP Matt Zmuda
Batting: SHB Marc Sakkal 0-0: Swinging Strike
0-1: Foul Ball, location: 2F
0-2: Foul Ball, location: 2F
0-2: Strikes out swinging
Batting: RHB Eric Harrell 0-0: Ball
1-0: Swinging Strike
1-1: Foul Ball, location: 25F
1-2: Ball
2-2: Ball
3-2: Strikes out swinging
Batting: RHB Danny Strickland 0-0: Foul Ball, location: 2F
0-1: Ball
1-1: Foul Ball, location: 9LMF
1-2: Ground out 6-3 (Groundball, 6MS, EV 88.8 MPH)
Bottom of the 4th over - 0 runs, 0 hits, 0 errors, 0 left on base; Scranton WB 5 - Rochester 0
TOP OF THE 5TH
Scranton WB RailRiders batting - Pitching for Rochester Red Wings : RHP Keith Harvey
Batting: LHB Dustin Spears 0-0: Called Strike
0-1: Foul Ball, location: 2F
0-2: Fly out, F5 (Popup, 6S, EV 83.1 MPH)
Batting: LHB David Adler 0-0: Called Strike
0-1: Called Strike
0-2: SINGLE (Flyball, 8LS, EV 87.5 MPH)
Batting: RHB Rich Ruiz 0-0: Ball
1-0: Fly out, F8 (Flyball, 89M, EV 95.0 MPH)
Batting: RHB R.J. Hardwick 0-0: Fly out, F8 (Flyball, 8RM, EV 95.6 MPH)
Top of the 5th over - 0 runs, 1 hit, 0 errors, 1 left on base; Scranton WB 5 - Rochester 0
BOTTOM OF THE 5TH
Rochester Red Wings batting - Pitching for Scranton WB RailRiders : RHP Matt Zmuda
Batting: RHB Justin Bradshaw 0-0: Ball
1-0: Foul Ball, location: 9LDF
1-1: Swinging Strike
1-2: Strikes out looking
Batting: RHB Jeremy Wallace 0-0: Called Strike
0-1: Fly out, F8 (Flyball, 89XD, EV 103.1 MPH)
Batting: RHB Kasey Ramos 0-0: Ball
1-0: Ball
2-0: Ball
3-0: Swinging Strike
3-1: Fly out, F9 (Flyball, 9S, EV 73.1 MPH)
Bottom of the 5th over - 0 runs, 0 hits, 0 errors, 0 left on base; Scranton WB 5 - Rochester 0
TOP OF THE 6TH
Scranton WB RailRiders batting - Pitching for Rochester Red Wings : RHP Keith Harvey
Pitching: LHP Nick Kaiser
Batting: RHB Nate Anglin 0-0: Called Strike
0-1: Foul Ball, location: 25FF
0-2: Ball
1-2: Strikes out swinging
Batting: LHB Bobby Kimble 0-0: Ball
1-0: Called Strike
1-1: Swinging Strike
1-2: Strikes out looking
Batting: LHB Jesus Canales 0-0: Called Strike
0-1: Foul Ball, location: 2F
0-2: Ground out 6-3 (Groundball, 6, EV 85.0 MPH)
Top of the 6th over - 0 runs, 0 hits, 0 errors, 0 left on base; Scranton WB 5 - Rochester 0
BOTTOM OF THE 6TH
Rochester Red Wings batting - Pitching for Scranton WB RailRiders : RHP Matt Zmuda
Batting: RHB Roy Parks 0-0: Ground out U3 (Groundball, 3L, EV 80.0 MPH)
Batting: RHB Matt McElhose 0-0: Foul Ball, location: 2F
0-1: Ball
1-1: Called Strike
1-2: Ball
2-2: Foul Ball, location: 9LMF
2-2: Foul Ball, location: 7LDF
2-2: Ground out 5-3 (Groundball, 56, EV 104.4 MPH)
Batting: RHB Danny Jacob 0-0: Called Strike
0-1: Swinging Strike
0-2: Ball
1-2: Ball
2-2: Strikes out swinging
Bottom of the 6th over - 0 runs, 0 hits, 0 errors, 0 left on base; Scranton WB 5 - Rochester 0
TOP OF THE 7TH
Scranton WB RailRiders batting - Pitching for Rochester Red Wings : LHP Nick Kaiser
Batting: RHB Carlos Jeronimo 0-0: Ball
1-0: Called Strike
1-1: Foul Ball, location: 2F
1-2: Fly out, F3 (Popup, 3L, EV 57.5 MPH)
Batting: RHB Sam Sokol 0-0: SINGLE (Line Drive, 7S, EV 105.6 MPH)
Batting: LHB Dustin Spears 0-0: Foul Ball, location: 3F
0-1: Foul Ball, location: 2F
0-2: Fielders Choice at 2nd, 4-6 (Groundball, 34, EV 84.4 MPH)
Batting: LHB David Adler 0-0: Called Strike
0-1: Ball
1-1: Swinging Strike
1-2: Strikes out swinging
Top of the 7th over - 0 runs, 1 hit, 0 errors, 1 left on base; Scranton WB 5 - Rochester 0
BOTTOM OF THE 7TH
Rochester Red Wings batting - Pitching for Scranton WB RailRiders : RHP Matt Zmuda
Batting: SHB Marc Sakkal 0-0: Foul Ball, location: 23FF
0-1: Foul Ball, location: 5F
0-2: Strikes out looking
Batting: RHB Eric Harrell 0-0: Ball
1-0: Foul Ball, location: 25FF
1-1: Ball
2-1: Foul Ball, location: 3F
2-2: Ball
3-2: Foul Ball, location: 9LDF
3-2: Fly out, F9 (Flyball, 89S, EV 92.5 MPH)
Batting: RHB Danny Strickland 0-0: Ball
1-0: Called Strike
1-1: Ball
2-1: Foul Ball, location: 2F
2-2: Ball
3-2: Strikes out looking
Bottom of the 7th over - 0 runs, 0 hits, 0 errors, 0 left on base; Scranton WB 5 - Rochester 0
TOP OF THE 8TH
Scranton WB RailRiders batting - Pitching for Rochester Red Wings : LHP Nick Kaiser
Batting: RHB Rich Ruiz 0-0: Ball
1-0: Ball
2-0: Fly out, F7 (Flyball, 7LM, EV 83.1 MPH)
Batting: RHB R.J. Hardwick 0-0: Swinging Strike
0-1: Ball
1-1: Called Strike
1-2: Ball
2-2: Strikes out looking
Batting: RHB Nate Anglin 0-0: Called Strike
0-1: Ball
1-1: Ball
2-1: Ball
3-1: Called Strike
3-2: Ground out 6-3 (Groundball, 56, EV 106.3 MPH)
Top of the 8th over - 0 runs, 0 hits, 0 errors, 0 left on base; Scranton WB 5 - Rochester 0
BOTTOM OF THE 8TH
Rochester Red Wings batting - Pitching for Scranton WB RailRiders : RHP Matt Zmuda
Batting: RHB Justin Bradshaw 0-0: Ball
1-0: Swinging Strike
1-1: Ball
2-1: Fly out, F8 (Flyball, 8RD, EV 106.9 MPH)
Batting: RHB Jeremy Wallace 0-0: Ball
1-0: Swinging Strike
1-1: Foul Ball, location: 5F
1-2: Fly out, F7 (Flyball, 7S, EV 99.4 MPH)
Batting: RHB Kasey Ramos 0-0: Swinging Strike
0-1: Ball
1-1: Called Strike
1-2: Ball
2-2: Foul Ball, location: 5SF
2-2: Ball
3-2: Strikes out swinging
Bottom of the 8th over - 0 runs, 0 hits, 0 errors, 0 left on base; Scranton WB 5 - Rochester 0
TOP OF THE 9TH
Scranton WB RailRiders batting - Pitching for Rochester Red Wings : LHP Nick Kaiser
Batting: LHB Bobby Kimble 0-0: Ball
1-0: Called Strike
1-1: Ball
2-1: Foul Ball, location: 7LMF
2-2: Foul Ball, location: 2F
2-2: Ball
3-2: Base on Balls
Batting: LHB Jesus Canales 0-0: Called Strike
0-1: Ball
Wild Pitch!
Bobby Kimble to second
1-1: Foul Ball, location: 2F
1-2: Fly out, F9 (Flyball, 89S, EV 89.4 MPH)
Batting: RHB Carlos Jeronimo 0-0: Fly out, F9 (Flyball, 9S, EV 91.9 MPH)
Batting: RHB Sam Sokol 0-0: Called Strike
0-1: Ball
1-1: Foul Ball, location: 2F
1-2: Strikes out looking
Top of the 9th over - 0 runs, 0 hits, 0 errors, 1 left on base; Scranton WB 5 - Rochester 0
BOTTOM OF THE 9TH
Rochester Red Wings batting - Pitching for Scranton WB RailRiders : RHP Matt Zmuda
Batting: RHB Roy Parks 0-0: Called Strike
0-1: Called Strike
0-2: Ball
1-2: Ball
2-2: Foul Ball, location: 9LDF
2-2: Hit by Pitch
Batting: RHB Matt McElhose 0-0: Ball
1-0: Ball
2-0: Swinging Strike
2-1: Foul Ball, location: 2F
2-2: Strikes out swinging
Batting: RHB Danny Jacob 0-0: Ball
1-0: Fielders Choice at 2nd, 1-4 (Groundball, 15S, EV 67.5 MPH)
Batting: SHB Marc Sakkal 0-0: Ball
1-0: Fly out, F9 (Flyball, 9LD, EV 90.0 MPH)
Bottom of the 9th over - 0 runs, 0 hits, 0 errors, 1 left on base; Scranton WB 5 - Rochester 0
Thursday, April 4th , 2024 - OOTP Baseball 24.11 Build 85